 Dungeon Crawl Stone Soup version 0.21-a0-265-gb353147 (webtiles) character file.

123 FrankyJ the Ducker (level 4, -5/35 HPs)
             Began as a Demonspawn Abyssal Knight on Sept 10, 2017.
             Was a Believer of Lugonu.
             Slain by a river rat (9 damage)
             ... on level 3 of the Dungeon on Sept 11, 2017.
             The game lasted 00:07:24 (2425 turns).

FrankyJ the Ducker (Demonspawn Abyssal Knight)      Turns: 2425, Time: 00:07:24

Health: -5/35      AC:  4    Str: 13    XL:     4   Next: 79%
Magic:  6/6        EV: 13    Int: 13    God:    Lugonu [**....]
Gold:   115        SH:  0    Dex: 13    Spells: 3/3 levels left

rFire    . . .     SeeInvis .   a - +1 falchion
rCold    . . .     Gourm    .   (no shield)
rNeg     . . .     Faith    .   b - +0 leather armour
rPois    .         Spirit   .   (no helmet)
rElec    .         Reflect  .   (no cloak)
rCorr    .         Harm     .   r - +0 pair of gloves (curse)
MR       .....                  (no boots)
Stlth    +.........             (no amulet)
HPRegen  0.11/turn              (no ring)
MPRegen  0.10/turn              (no ring)

@: very slow
A: demonic guardian 1
a: Depart the Abyss, Bend Space, Renounce Religion


You were on level 3 of the Dungeon.
You worshipped Lugonu.
Lugonu was pleased with you.
You were hungry.

You visited 1 branch of the dungeon, and saw 3 of its levels.
You visited the Abyss 1 time.

You collected 115 gold pieces.

Inventory:

Hand Weapons
 a - a +1 falchion (weapon)
Missiles
 o - 3 curare-tipped needles
Armour
 b - a +0 leather armour (worn)
 r - a cursed +0 pair of gloves (worn)
 u - a +0 shield
Jewellery
 g - an uncursed amulet of faith {unknown}
Wands
 v - a wand of enslavement (10/24)
Scrolls
 d - a scroll of blinking {unknown}
 e - 2 scrolls of identify {unknown}
 h - a scroll of fog {unknown}
 j - a scroll of noise {unknown}
 k - 2 scrolls of remove curse {unknown}
 w - a scroll of enchant armour {unknown}
Potions
 i - a potion of heal wounds {unknown}
 m - a potion of degeneration {unknown}
 n - 2 potions of agility {unknown}
 p - 3 potions of mutation {unknown}
 q - a potion of curing {unknown}
 t - a potion of invisibility {unknown}
Comestibles
 c - 3 bread rations
 f - 2 royal jellies
 l - 3 meat rations
 s - 2 fruits


   Skills:
 - Level 3.0 Fighting
 - Level 2.0 Long Blades
 - Level 2.0 Armour
 + Level 3.8 Dodging
 - Level 3.0 Invocations


You had 3 spell levels left.
You didn't know any spells.

Dungeon Overview and Level Annotations

Branches:
Dungeon (3/15)

Altars:
Makhleb
Qazlal
Vehumet
Xom
Zin
The Shining One


Innate Abilities, Weirdness & Mutations

A weak demonic guardian rushes to your aid.


Message History

The river rat is moderately wounded.
The river rat misses you. x2
Your unstable footing causes you to fumble your attack.
The river rat barely misses you.
Your unstable footing causes you to fumble your attack.
The river rat misses you.
You hit the river rat.
The river rat is severely wounded.
The river rat bites you!
* * * LOW HITPOINT WARNING * * *
You hit the river rat but do no damage.
The river rat is severely wounded.
The river rat bites you.
* * * LOW HITPOINT WARNING * * *
You barely miss the river rat.
The river rat is severely wounded.
The river rat bites you.
* * * LOW HITPOINT WARNING * * *
The river rat bites you!
You die...

#.#.# #.# #.#.# ...
#.#.## .#. #....# .
. ##..#.### .# #
#...#...### .#<# ##
#.#####...#
##.#.##..
#...#..####
#####........
###.#.##
#≈@≈#........ .
#....#
#r#≈#≈?....... .
######
#≈#≈#≈..........###
≈≈#≈≈≈≈........ .>#
##≈#≈#≈.......>..#.#
≈≈#≈≈≈...(......#.#
###≈#..)...........
#≈≈≈....... #..
###≈≈.......# #..


You could see a river rat.

Vanquished Creatures
  A worker ant (D:2)
  3 adders
  3 worms (D:3)
  A dart slug (D:1)
  2 leopard geckos
  2 giant cockroaches
  2 hobgoblins
  A quokka (D:2)
  A ball python (D:3)
  3 bats
  3 frilled lizards
  8 goblins
  8 kobolds
  A rat (D:3)
39 creatures vanquished.

Vanquished Creatures (collateral kills)
  2 adders (D:3)
  A river rat (D:3)
  A worm (D:3)
4 creatures vanquished.

Grand Total: 43 creatures vanquished

Notes
Turn   | Place    | Note
-------+----------+-------------------------------------------
     0 | Abyss:1  | FrankyJ the Demonspawn Abyssal Knight began the quest for the Orb.
     0 | Abyss:1  | Reached XP level 1. HP: 18/18 MP: 2/2
    29 | D:1      | Escaped the Abyss
   424 | D:1      | Reached skill level 1 in Dodging
   460 | D:1      | Gained mutation: A weak demonic guardian rushes to your aid. [demonic ancestry]
   460 | D:1      | Reached XP level 2. HP: 22/24 MP: 4/4
   487 | D:1      | Upgraded the game from 0.21-a0-264-g3e31e41 to 0.21-a0-265-gb353147
  1021 | D:2      | Reached XP level 3. HP: 26/29 MP: 5/5
  1224 | D:2      | Found a glowing golden altar of the Shining One.
  1638 | D:2      | Found a glowing silver altar of Zin.
  1688 | D:2      | Found a burning altar of Makhleb.
  1692 | D:2      | Found a radiant altar of Vehumet.
  1695 | D:2      | Found a shimmering altar of Xom.
  1920 | D:2      | Reached XP level 4. HP: 33/35 MP: 6/6
  2221 | D:3      | Noticed a water elemental
  2223 | D:3      | Found a stormy altar of Qazlal.
  2224 | D:3      | Noticed an earth elemental
  2224 | D:3      | Noticed an air elemental
  2224 | D:3      | Noticed a fire elemental
  2394 | D:3      | Reached ** piety under Lugonu
  2425 | D:3      | Slain by a river rat

Vault maps used:
D:1:      dpeg_arrival_solitude
D:2:      nicolae_tso_carved_into_rock, nicolae_overflow_hidden_temple,
          minitemple
D:3:      nicolae_qazlal_style_of_elements, lightli_sewer_entry_pipes,
          minmay_misc_feat_columns

Skill      XL: |  1  2  3 |
---------------+----------+-----
Armour         | 2 |  2.0
Dodging        | 1 2 3 |  3.8
Long Blades    | 2 |  2.0
Invocations    | 3 |  3.0
Fighting       | |  3.0

Action                   |  1- 3 |  4- 6 || total
-------------------------+-------+-------++-------
Melee: Falchion          |    76 |    62 ||   138
 Stab: Sleeping          |     1 |       ||     1
  Eat: Chunk             |     3 |     1 ||     4
Armor: Leather armour    |    15 |     6 ||    21
Dodge: Dodged            |    48 |    45 ||    93
       Rpst.: Falchion   |    13 |    14 ||    27

Table legend:
 A = Spawn XP
 B = Non-spawn XP
 C = Spawn XP percentage of total XP
 D = Spawn monster count
 E = Non-spawn monster count
 F = Spawn count percentage of total count
 G = Total turns spent on level
                    A         B        C        D         E        F      G
               +---------+---------+-------+---------+---------+-------+---------
         Total |       0 |     176 |   0.0 |       0 |      43 |   0.0 |  2425
               +---------+---------+-------+---------+---------+-------+---------
           D:1 |       0 |      25 |   0.0 |       0 |      14 |   0.0 |   907
           D:2 |       0 |      75 |   0.0 |       0 |      14 |   0.0 |  1084
           D:3 |       0 |      76 |   0.0 |       0 |      15 |   0.0 |   405
               +---------+---------+-------+---------+---------+-------+---------
